 Dungeon Crawl Stone Soup version 0.22-a0-135-g6f012ad (webtiles) character file.

14 KristoblXynda the Magician (level 2, -1/20 HPs)
             Began as a Minotaur Wizard on Feb 1, 2018.
             Slain by a hobgoblin
             ... wielding a +0 club
              (3 damage)
             ... on level 1 of the Dungeon.
             The game lasted 00:01:43 (316 turns).

KristoblXynda the Magician (Minotaur Wizard)         Turns: 316, Time: 00:01:44

Health: -1/20      AC:  2    Str: 11    XL:     2   Next: 27%
Magic:  4/4        EV: 12    Int: 15    God:
Gold:   28         SH:  0    Dex:  8    Spells: 4/5 levels left

rFire    . . .     SeeInvis .   h - +0 whip
rCold    . . .     Gourm    .   (no shield)
rNeg     . . .     Faith    .   a - +0 robe
rPois    .         Spirit   .   b - +0 hat
rElec    .         Reflect  .   (no cloak)
rCorr    .         Harm     .   (no gloves)
MR       .....                  (no boots)
Stlth    +.........             (no amulet)
HPRegen  0.06/turn              (no ring)
MPRegen  0.09/turn              (no ring)

@: no status effects
A: retaliatory headbutt, horns 2
a: no special abilities


You were on level 1 of the Dungeon.
You were not hungry.

You visited 1 branch of the dungeon, and saw 1 of its levels.

You collected 28 gold pieces.

Inventory:

Hand Weapons
 h - a +0 whip (weapon)
Armour
 a - a +0 robe (worn)
 b - a +0 hat (worn)
Scrolls
 e - a scroll of enchant weapon {unknown}
Books
 c - a book of Minor Magic

   Spells                             Type                      Level
   a - Magic Dart                     Conjuration                  1
   b - Blink                          Translocation                2
   c - Call Imp                       Summoning                    2
   d - Slow                           Hexes                        2
   e - Conjure Flame                  Conjuration/Fire             3
   f - Mephitic Cloud                 Conjuration/Poison/Air       3
Comestibles
 d - a ration
 f - 4 chunks of flesh


   Skills:
 - Level 2.1 Dodging
 - Level 1.5 Stealth
 * Level 2.4 Spellcasting
 * Level 1.2 Conjurations
   Level 0.6 Summonings
   Level 0.6 Translocations


You had 4 spell levels left.
You knew the following spells:

 Your Spells              Type           Power        Failure   Level  Hunger
a - Magic Dart            Conj           #...         13%         1    #......


Dungeon Overview and Level Annotations

Branches:
Dungeon (1/15)

Altars:


Innate Abilities, Weirdness & Mutations

You reflexively headbutt those who attack you in melee.
You have a pair of horns on your head.


Message History

A dart slug comes into view.
Found a cloak.
A leopard gecko comes into view.
The leopard gecko hisses angrily.
The hobgoblin hits you with a club. The hobgoblin closely misses you.
The dart slug barely misses you. You furiously retaliate!
You headbutt the dart slug, but do no damage.
The leopard gecko bites you.
You hit the dart slug but do no damage. The hobgoblin hits you with a club.
The leopard gecko barely misses you. The dart slug bites you.
You hit the dart slug. You headbutt the dart slug!
The dart slug is almost dead.
The hobgoblin barely misses you. The leopard gecko bites you.
* * * LOW HITPOINT WARNING * * *
The dart slug bites you but does no damage.
The leopard gecko bites you.
* * * LOW HITPOINT WARNING * * *
The hobgoblin hits you with a club.
You die...

### ..## #.........# ...##
#.........## #...##
##........... ##...##
....[....... ##...##
#####........... ####...##
#..)............
)....#..#.#...............
#..#.##.#.#.....@.........
.###..#.#.#.....gl........
........#..).......w......
##..######.......#........
#..## #.......#....#...
..#########......#....# ##
.##...##.........#......
###...##.##.#....##......
#.....##.........# ......


You could see a dart slug, a leopard gecko and a hobgoblin.

Vanquished Creatures
  6 bats (D:1)
  A giant cockroach (D:1)
  2 hobgoblins (D:1)
  2 frilled lizards (D:1)
  A goblin (D:1)
  A kobold (D:1)
13 creatures vanquished.

Notes
Turn   | Place    | Note
-------+----------+-------------------------------------------
     0 | D:1      | KristoblXynda the Minotaur Wizard began the quest for the Orb.
     0 | D:1      | Reached XP level 1. HP: 14/14 MP: 2/2
    91 | D:1      | Reached skill level 1 in Conjurations
   161 | D:1      | Reached XP level 2. HP: 13/20 MP: 0/4
   316 | D:1      | Slain by a hobgoblin

Vault maps used:
D:1:      dpeg_chamrin_arrival_tetris

Skill      XL: |  1 |
---------------+----+-----
Conjurations   | 1 |  1.2
Dodging        | |  2.1
Stealth        | |  1.5
Spellcasting   | |  2.4
Summonings     | |  0.6
Translocations | |  0.6

Action                   || total
-------------------------++-------
Melee: Unarmed           ||    22
       Headbutt          ||     3
       Whip              ||     2
       Dagger            ||     1
 Cast: Magic Dart        ||    12
Armor: Robe              ||    20
Dodge: Dodged            ||    48

Table legend:
 A = Spawn XP
 B = Non-spawn XP
 C = Spawn XP percentage of total XP
 D = Spawn monster count
 E = Non-spawn monster count
 F = Spawn count percentage of total count
 G = Total turns spent on level
                    A         B        C        D         E        F      G
               +---------+---------+-------+---------+---------+-------+---------
         Total |       0 |      20 |   0.0 |       0 |      13 |   0.0 |   316
               +---------+---------+-------+---------+---------+-------+---------
           D:1 |       0 |      20 |   0.0 |       0 |      13 |   0.0 |   316
               +---------+---------+-------+---------+---------+-------+---------
